 Dungeon Crawl Stone Soup version 0.30.1 (webtiles) character file.

Game seed: 4783184271809215142

759228 LustLizard the Petrodigitator (level 27, -10/192 HPs)
             Began as a Gargoyle Earth Elementalist on July 5, 2023.
             Was the Champion of Vehumet.
             Killed by divine providence
             ... invoked by a balrug
             ... summoned by a shadow demon
              (14 damage)
             ... in Pandemonium on July 6, 2023.
             The game lasted 05:07:06 (114768 turns).

LustLizard the Petrodigitator (GrEE)              Turns: 114768, Time: 05:07:07

Health: -10/192    AC: 47    Str: 22    XL:     27
Magic:  37/71      EV: 12    Int: 25    God:    Vehumet [******]
Gold:   1958       SH: 20    Dex: 16    Spells: 1/61 levels left

rFire   . . .        o - +3 sacred scourge (holy)
rCold   . . .        R - +5 kite shield {AC+3}
rNeg    + . .        z - +5 chain mail "Nokixt" {rC+ MP+9 Str+3}
rPois   ∞            K - +2 hat
rElec   +            I - +4 dragonskin cloak
rCorr   +            e - +2 pair of gloves {Str+3}
SInv    .            g - +0 pair of boots of Diluo {Contam rCorr Int+3}
Will    +++++        i - amulet of regeneration
Stlth   +++          S - ring of Veoral {Fly rPois rCorr MP+9}
HPRegen 1.32/turn    W - ring of Zyicuus {Drain Will+++ MP+9 Dex+6}
MPRegen 0.42/turn

%: clarity
@: corroded, flying, hasted, studying 2 skills, silenced, invisible, very quick
A: sickness immunity, AC +20, big wings, negative energy resistance 1,
electricity resistance, torment resistance 1, petrification resistance, horns 1,
talons 1, clarity, dopey 1, sense surroundings 1, weak 1, cold vulnerability 1
}: 6/15 runes: barnacled, slimy, silver, abyssal, dark, gossamer
a: Renounce Religion


You were in Pandemonium.
You worshipped Vehumet.
Vehumet was exalted by your worship.
You visited 12 branches of the dungeon, and saw 56 of its levels.
You visited Pandemonium 1 time, and saw 3 of its levels.
You visited the Abyss 5 times.
You also visited: Sewer, Bailey and Ice Cave.

You collected 10937 gold pieces.
You spent 8979 gold pieces at shops.

Inventory:

Hand Weapons
 o - a +3 sacred scourge of holy wrath (weapon)
 X - the +5 whip "Zeschul" {heavy, +Blink Will+ Str+4 Int+3}
   (You found it on level 4 of the Shoals)

   Str:       It affects your strength (+4).
   Int:       It affects your intelligence (+3).
   +Blink:    It lets you blink.
   Will:      It increases your willpower.
 Y - a +5 lajatang of freezing
Missiles
 c - 7 throwing nets
Armour
 e - a +2 pair of gloves of strength (worn)
 g - the +0 pair of boots of Diluo (worn) {Contam rCorr Int+3}
   (You acquired it on level 3 of the Vaults)

   Int:       It affects your intelligence (+3).
   Contam:    It causes magical contamination when unequipped.
   rCorr:     It protects you from acid and corrosion.
 z - the +5 chain mail "Nokixt" (worn) {rC+ MP+9 Str+3}
   (You found it on level 4 of the Shoals)

   Str:       It affects your strength (+3).
   rC:        It protects you from cold.
   MP:        It affects your magic capacity (+9).
 A - a scarf of resistance
 I - the +4 dragonskin cloak (worn)
   (You took it off Tiamat on level 2 of the Realm of Zot)

   Avatar's Aegis: It grants the wearer a chance to resist fire, cold, poison,
   electricity, acid, and negative energy.
 K - a +2 hat (worn)
 R - a +5 kite shield of protection (worn)
Magical Staves
 q - the staff of poison "Piachoux" {+Blink rPois rN+ Stlth+}
   (You acquired it on level 2 of the Orcish Mines)

   [staff of poison]

   Base accuracy: +5 Base damage: 5 Base attack delay: 1.2 This weapon's minimum
   attack delay (0.6) is reached at skill level 12.
   rPois:     It protects you from poison.
   rN:        It protects you from negative energy.
   +Blink:    It lets you blink.
   Stlth:     It makes you more stealthy.
   It falls into the 'Staves' category.
   It is a one-handed weapon.
Jewellery
 i - an amulet of regeneration (around neck)
 n - the ring "Ockoliur" {rElec rPois rF++ Str-3 SInv}
   (You acquired it on level 2 of the Orcish Mines)

   [ring of see invisible]

   Str:       It affects your strength (-3).
   rF:        It greatly protects you from fire.
   rElec:     It insulates you from electricity.
   rPois:     It protects you from poison.
   SInv:      It lets you see invisible.
 s - the ring of Free Expression {rC+ Int+2}
   (You found it in an ice cave)

   [ring of protection from cold]

   Int:       It affects your intelligence (+2).
   rC:        It protects you from cold.
 M - the ring of Harmony {rN+ Will+++ Str-5}
   (You took it off a vampire mage on level 3 of the Depths)

   [ring of positive energy]

   Str:       It affects your strength (-5).
   rN:        It protects you from negative energy.
   Will:      It greatly increases your willpower.
 S - the ring of Veoral (left hand) {Fly rPois rCorr MP+9}
   (You found it on level 10 of the Dungeon)

   [ring of poison resistance]

   rPois:     It protects you from poison.
   MP:        It affects your magic capacity (+9).
   Fly:       It grants you flight.
   rCorr:     It protects you from acid and corrosion.
 W - the ring of Zyicuus (right hand) {Drain Will+++ MP+9 Dex+6}
   (You found it on level 5 of the Pits of Slime)

   [ring of dexterity]

   Dex:       It affects your dexterity (+6).
   MP:        It affects your magic capacity (+9).
   Drain:     It drains your maximum health when unequipped.
   Will:      It greatly increases your willpower.
 Z - the ring "Dycef" {Drain rPois Str+6 Dex+8}
   (You found it on level 1 of the Depths)

   [ring of strength]

   Str:       It affects your strength (+6).
   Dex:       It affects your dexterity (+8).
   rPois:     It protects you from poison.
   Drain:     It drains your maximum health when unequipped.
Wands
 m - a wand of digging (13)
 D - a wand of paralysis (96)
 E - a wand of flame (87)
 F - a wand of iceblast (60)
 H - a wand of quicksilver (23)
 O - a wand of mindburst (59)
Scrolls
 a - 6 scrolls of magic mapping
 h - 9 scrolls of fog
 j - 7 scrolls of poison
 k - 5 scrolls of amnesia
 l - 17 scrolls of teleportation
 p - 5 scrolls of blinking
 r - 6 scrolls of enchant armour
 y - 11 scrolls of fear
 P - 3 scrolls of summoning
 T - 6 scrolls of immolation
Potions
 b - 2 potions of magic
 d - 13 potions of haste
 f - 10 potions of berserk rage
 t - 9 potions of mutation
 u - 8 potions of invisibility
 v - 5 potions of heal wounds
 w - 12 potions of resistance
 C - 11 potions of cancellation
 J - 16 potions of curing
 L - 13 potions of ambrosia
 N - 10 potions of might
 U - 10 potions of brilliance
Miscellaneous
 B - a phantom mirror
 G - a phial of floods
 Q - a condenser vane
 V - a lightning rod (4/4)


   Skills:
 + Level 24.4 Fighting
 - Level 7.3(11.5) Axes
 + Level 14.9(15.7) Maces & Flails
 + Level 15.5 Armour
 + Level 8.0 Dodging
 + Level 13.5 Stealth
 - Level 18.7 Shields
 + Level 17.6 Spellcasting
 + Level 19.7 Conjurations
 - Level 6.0 Hexes
 * Level 17.6 Summonings
 - Level 4.0 Translocations
 - Level 0.7 Transmutations
 - Level 2.8 Fire Magic
 O Level 27 Earth Magic
 - Level 4.0 Poison Magic
 + Level 13.1 Evocations


You had one spell level left.
You knew the following spells:

 Your Spells              Type           Power      Damage    Failure   Level
a - Sandblast             Erth           100%       2d20      0%          1
b - Stone Arrow           Conj/Erth      100%       3d13      0%          3
c - Blink                 Tloc           84%        N/A       3%          2
d - Olgreb's Toxic Radia  Pois           42%        N/A       6%          4
e - Scorch                Fire           72%        2d8       1%          2
f - Ignite Poison         Fire/Tmut/Pois 34%        N/A       3%          3
g - Lee's Rapid Deconstr  Erth           51%        3d24*     0%          5
h - Iron Shot             Conj/Erth      47%        9d9       1%          6
i - Lehudib's Crystal Sp  Conj/Erth      47%        10d11     1%          8
j - Shatter               Erth           51%        3d39*     4%          9
k - Summon Mana Viper     Hex/Summ       69%        N/A       2%          5
l - Summon Hydra          Summ           42%        N/A       7%          7
m - Summon Forest         Summ/Tloc      33%        N/A       3%          5

Your spell library contained the following spells:

 Spells                   Type           Power      Damage    Failure   Level
 Magic Dart               Conj           100%       1d8       0%          1
 Summon Small Mammal      Summ           100%       N/A       0%          1
 Foxfire                  Conj/Fire      100%       2x1d9     1%          1
 Kiss of Death            Conj/Necr      100%       2d13      1%          1
 Slow                     Hex            100%       N/A       1%          1
 Apportation              Tloc           84%        N/A       2%          1
 Freeze                   Ice            88%        1d9       3%          1
 Sting                    Tmut/Pois      100%       1d8       4%          1
 Beastly Appendage        Tmut           50%        N/A       9%          1
 Necrotise                Necr           88%        1d8       11%         1
 Call Imp                 Summ           100%       N/A       0%          2
 Animate Armour           Summ/Erth      100%       N/A       0%          4
 Momentum Strike          Conj/Tloc      100%       3d10      1%          2
 Passwall                 Tmut/Erth      61%        N/A       1%          2
 Call Canine Familiar     Summ           84%        N/A       1%          3
 Dazzling Flash           Conj/Hex       100%       N/A       1%          3
 Hailstorm                Conj/Ice       64%        3d14      1%          3
 Inner Flame              Hex/Fire       44%        N/A       1%          3
 Mephitic Cloud           Conj/Pois/Air  57%        N/A       1%          3
 Summon Guardian Golem    Hex/Summ       69%        N/A       1%          3
 Iskenderun's Mystic Bla  Conj/Tloc      69%        2d14      1%          4
 Leda's Liquefaction      Hex/Erth       40%        N/A       1%          4
 Petrify                  Tmut/Erth      74%        N/A       1%          4
 Sticky Flame             Conj/Fire      68%        2d8       1%          4
 Arcjolt                  Conj/Air       32%        1d42      1%          5
 Borgnjor's Vile Clutch   Necr/Erth      37%        N/A       1%          5
 Fireball                 Conj/Fire      34%        3d14      1%          5
 Orb of Destruction       Conj           44%        9d12      1%          7
 Spellforged Servitor     Conj/Summ      43%        N/A       1%          7
 Confusing Touch          Hex            51%        N/A       2%          3
 Tukima's Dance           Hex            51%        N/A       2%          3
 Lesser Beckoning         Tloc           84%        N/A       3%          2
 Summon Ice Beast         Ice/Summ       60%        N/A       3%          4
 Summon Lightning Spire   Summ/Air       60%        N/A       3%          4
 Ensorcelled Hibernation  Hex/Ice        74%        N/A       4%          2
 Portal Projectile        Hex/Tloc       94%        N/A       4%          3
 Starburst                Conj/Fire      34%        6d10      4%          6
 Freezing Cloud           Conj/Ice/Air   26%        6-21      5%          5
 Frozen Ramparts          Ice            44%        1d7       9%          3
 Cause Fear               Hex            25%        N/A       9%          4
 Conjure Ball Lightning   Conj/Air       32%        3x3d10    9%          6
 Wereblood                Tmut           25%        N/A       13%         2
 Spider Form              Tmut/Pois      33%        N/A       13%         3
 Vhi's Electric Charge    Tloc/Air       64%        N/A       14%         3
 Yara's Violent Unravell  Hex/Tmut       19%        3d9       21%         5
 Manifold Assault         Tloc           42%        N/A       22%         4
 Passage of Golubria      Tloc           42%        N/A       22%         4
 Swiftness                Air            22%        N/A       32%         3
 Vampiric Draining        Necr           22%        2d7       32%         3
 Anguish                  Hex/Necr       18%        N/A       32%         4
 Silence                  Hex/Air        18%        N/A       65%         5
 Ice Form                 Ice/Tmut       23%        N/A       67%         4
 Animate Dead             Necr           22%        N/A       73%         4
 Dispel Undead            Necr           22%        3d12      73%         4
 Alistair's Intoxication  Tmut/Pois      22%        N/A       75%         5
 Eringya's Noxious Bog    Tmut/Pois      16%        N/A       82%         6
 Plasma Beam              Fire/Air       14%        2x1d28    90%         6
 Blade Hands              Tmut           12%        N/A       93%         5
 Haunt                    Necr/Summ      30%        N/A       95%         7
 Agony                    Necr           22%        N/A       97%         5
 Dispersal                Tloc           21%        N/A       97%         6
 Death Channel            Necr           11%        N/A       100%        6
 Simulacrum               Ice/Necr       11%        N/A       100%        6
 Dragon Form              Tmut           12%        N/A       100%        7
 Enfeeble                 Hex            25%        N/A       100%        7
 Borgnjor's Revivificati  Necr           11%        N/A       100%        8
 Discord                  Hex            25%        N/A       100%        8
 Disjunction              Tloc           21%        N/A       100%        8
 Ignition                 Fire           18%        3d7       100%        8
 Infestation              Necr           11%        N/A       100%        8
 Chain Lightning          Conj/Air       32%        3d42      100%        9
 Polar Vortex             Ice            11%        N/A       100%        9
 Cigotuvi's Dreadful Rot  Necr/Pois/Air  Unusable   N/A       N/A         2
 Sublimation of Blood     Necr           Unusable   N/A       N/A         2

Dungeon Overview and Level Annotations

Branches:
Dungeon (15/15)            Temple (1/1) D:4            Lair (5/5) D:11
 Shoals (4/4) Lair:3       Spider (4/4) Lair:2        Slime (5/5) Lair:5
    Orc (2/2) D:12            Elf (3/3) Orc:2        Vaults (5/5) D:13
  Crypt (3/3) Vaults:3       Tomb (0/3) Crypt:3      Depths (4/4) D:15
    Zot (5/5) Depths:4      Sewer (visited)          Bailey (visited)
  IceCv (visited)

Altars:
Ashenzari
Cheibriados
Dithmenos
Elyvilon
Fedhas
Gozag
Hepliaklqana
Kikubaaqudgha
Makhleb
Nemelex Xobeh
Okawaru
Qazlal
Ru
Sif Muna
Trog
Uskayaw
Vehumet
Wu Jian
Xom
Yredelemnul
Zin
The Shining One
Jiyva

Shops:
D:3 [   D:10 (   D:11 [   D:13 :   D:15 *(   Orc:2 ?*!=(   Vaults:2 [
Vaults:3 *   Vaults:4 !   Vaults:5 !!!?!   Depths:2 **(   Depths:4 :

Portals:
Hell: Depths:1 Depths:2 Depths:3 Depths:4
Abyss: Depths:2 Depths:3
Pandemonium: Orc:2 Depths:2
Ziggurat: Depths:1

Annotations:
Shoals:1 Keherigeeg's ghost, adept FoCK
Depths:1 6 transporters


Innate Abilities, Weirdness & Mutations

You are immune to sickness and miasma.
Your stone body is resilient. (AC +20)
You are immune to poison.
Your large and strong wings let you fly.
You resist negative energy. (rN+)
You are resistant to electric shocks. (rElec)
You are resistant to unholy torment.
You are immune to petrification.
You have a pair of small horns on your head.
You have sharp toenails.
You possess an exceptional clarity of mind.
You are dopey. (Int -2)
You passively map a small area around you.
You are weak. (Str -2)
You are vulnerable to cold. (rC-)


Message History

The Brimstone Fiend hits you but does no damage. x3
The demonspawn corrupter hits you but does no damage.
The Brimstone Fiend hits you but does no damage. x3
The sun demon hits you but does no damage.
The demonspawn corrupter hits you but does no damage.
The demonspawn corrupter kicks you.
* * * LOW HITPOINT WARNING * * *
The golden eye blinks at you. Loxtushi gestures at you.
The Brimstone Fiend hits you but does no damage. x3
The Brimstone Fiend hits you but does no damage. x3
A blizzard demon comes into view.
The demonspawn corrupter hits you but does no damage.
The cacodemon hits you.
* * * LOW HITPOINT WARNING * * *
The cacodemon hits you but does no damage.
The sun demon hits you but does no damage.
The Brimstone Fiend hits you but does no damage. x3
The golden eye blinks!
Loxtushi gestures.
Loxtushi's surroundings become eerily quiet.
The floating eye's stare focuses on you.
The demonspawn corrupter hits you but does no damage.
The demonspawn corrupter kicks you but does no damage.
The Brimstone Fiend hits you but does no damage. x3
You can move again.
Unknown command.
You whack Loxtushi!
Loxtushi convulses.
Loxtushi is severely wounded.
The Brimstone Fiend hits you but does no damage.
You block the Brimstone Fiend's attack. x2
The demonspawn corrupter barely misses you.
Loxtushi hits you. Loxtushi corrodes you!
The sun demon hits you but does no damage.
The cacodemon closely misses you. x2; The Brimstone Fiend hits you!
* * * LOW HITPOINT WARNING * * *
The Brimstone Fiend closely misses you.
The Brimstone Fiend hits you but does no damage.
The golden eye blinks at you. The balrug gestures at you. Something smites you!
You die...

* *#.# .###### #### *#...#####.
.##.## #####..# *
##.#......##..#..###......#
#.#..............##.......#
#.......55..G.3..........# .
*#.......21#3...........## ..
#......66@13...#....#.## *
,...##.....5321&3...######..###
..........62213G..............
..........4542..#####...#####.
....#...24.5..G.#§≈≈#...# ..#,
.#.......6......#≈≈≈##'##...#,
, #.....2........#§≈§........#
#..#............###.......###.
##
.2#.3.............#..###..#..


You could see Loxtushi (silencing, unsilenced), 4 Brimstone Fiends, 2
cacodemons, a demonspawn blood saint (unable to see you), 3 demonspawn
corrupters, a balrug (summoned, unsilenced), a great orb of eyes (summoned,
unsilenced), 2 blizzard demons, 5 sun demons, 2 shadow demons, a smoke demon
(unsilenced, unable to see you), 3 chaos spawn, a floating eye (summoned,
charged, unsilenced), a golden eye (summoned, unsilenced) and 5 ufetubi.

Vanquished Creatures
  the Royal Jelly (Slime:5)
  Gloorx Vloq (Pan)
  3 dread liches
  Tiamat (Zot:2)
  Khufu (Crypt:2)
  2 ancient liches (Zot:5)
  4 orbs of fire
  Mara (Depths:2)
  2 royal mummies (Crypt:2)
  Boris (Crypt:2)
  Sojobo (Depths:2)
  Saint Roka (Orc:2)
  Margery (Crypt:2)
  9 Killer Klowns (Zot:5)
  A curse toe (Zot:3)
  Jory (Depths:4)
  2 profane servitors (Abyss:4)
  17 golden dragons
  Arachne (Spider:2)
  3 electric golems (Zot:5)
  3 doom hounds (Depths:3)
  2 bone dragons (Abyss:4)
  3 Tzitzimimeh
  Mlioglotl (Spider:3)
  2 hellephants (Abyss:4)
  22 tentacled monstrosities
  25 Orb Guardians (Zot:5)
  Grunn (Depths:3)
  The ghost of Xafer the Impaler, an adept DsGl of Okawaru (Vaults:2)
  7 quicksilver dragons
  A pandemonium lord (Pan)
  9 liches
  24 Executioners
  2 deep elf blademasters (Elf:3)
  7 titans
  2 deep elf master archers (Elf:3)
  5 ancient champions
  15 acid blobs
  5 sphinxes
  8 death cobs
  Polyphemus (Shoals:4)
  Kirke (Shoals:1)
  17 tentacled starspawn
  7 shadow dragons
  9 tengu reavers
  10 draconian monks
  The ghost of Angmar the Brawler, an adept DrTm of Wu Jian (Shoals:3)
  A thorn hunter (D:15)
  14 storm dragons
  5 revenants
  Ilsuiw (Shoals:2)
  9 rockslimes
  15 azure jellies
  9 demonspawn warmongers (Pan)
  4 fire giants
  4 draconian knights
  6 frost giants
  9 deep elf sorcerers
  A balrug (Depths:3)
  A juggernaut zombie (Crypt:1)
  2 caustic shrike zombies
  An emperor scorpion (Spider:4)
  2 iron dragons
  21 vault wardens
  5 draconian scorchers
  11 draconian shifters
  6 ghost moths
  A cacodemon (Pan)
  6 ghouls
  23 ironbound preservers
  4 draconian annihilators
  2 orc warlords
  2 demonspawn blood saints (Pan)
  2 angels
  6 curse skulls
  4 draconian stormcallers
  6 war gargoyles
  3 demonspawn corrupters (Pan)
  3 broodmothers
  14 reapers
  6 deep elf elementalists
  12 quicksilver oozes
  21 very ugly things
  An ophan (Abyss:3)
  3 caustic shrike skeletons
  11 ironbound thunderhulks
  2 juggernaut skeletons
  10 stone giants
  Nessos (D:15)
  5 demonspawn black suns (Pan)
  12 green draconians
  8 vampire knights
  10 deep elf demonologists
  8 deep elf annihilators
  10 lorocyprocas
  3 minotaurs (Shoals:4)
  15 red draconians
  10 purple draconians
  7 dire elephants
  46 starcursed masses
  10 black draconians
  6 white draconians
  10 yellow draconians
  5 deep elf death magi
  5 spark wasps
  A bunyip (Abyss:4)
  8 ettins
  14 fire dragons
  2 crystal guardians
  7 eidola
  9 great orbs of eyes
  Josephine (D:10)
  3 blizzard demons
  A spectral golden dragon (Depths:3)
  7 merfolk impalers
  A quicksilver dragon zombie (Crypt:3)
  4 deep elf high priests
  3 jiangshi (Crypt:1)
  2 spectral spriggans
  2 merfolk javelineers
  4 hydras (D:15)
  A fenstrider witch zombie (Crypt:2)
  Fannar (D:10)
  13 yaktaur captains
  A spectral shadow dragon (Crypt:2)
  4 quicksilver dragon skeletons
  7 entropy weavers
  A juggernaut simulacrum (Depths:3)
  5 ice dragons
  38 vault guards
  4 rakshasas
  3 peacekeepers
  An ogre mage (Vaults:5)
  2 demonspawn (Orc:2)
  2 ghost crabs (Spider:2)
  Erica (D:10)
  A hell beast (Pan)
  2 merfolk avatars (Shoals:4)
  6 centaur warriors
  3 spriggan skeletons
  A catoblepas (Shoals:4)
  11 ironbound frosthearts
  3 two-headed ogres
  A caustic shrike simulacrum (Depths:3)
  4 radroaches
  3 boulder beetles (Spider:1)
  34 dancing weapons
  9 deep troll shamans
  A merfolk aquamancer (Shoals:4)
  6 death yaks
  4 death knights
  6 deep troll earth magi
  9 satyrs (Shoals:4)
  A quicksilver ooze zombie (Crypt:3)
  3 tengu warriors
  2 spriggan berserkers
  6 hell hogs
  7 vampire magi
  A titan zombie (Crypt:2)
  2 shock serpents (shapeshifter) (Vaults:5)
  21 thrashing horrors
  Urug (Lair:5)
  A spectral storm dragon (Depths:3)
  Nergalle (D:11)
  14 hell knights
  5 orc high priests (Orc:2)
  3 storm dragon zombies
  26 skeletal warriors
  10 soul eaters
  4 sun demons
  9 wretched stars
  Sonja (D:11)
  25 deep elf knights
  32 shadow wraiths
  3 sixfirhies
  A titan skeleton (Abyss:3)
  3 skysharks
  4 glowing orange brains
  6 pharaoh ants
  85 deep trolls
  9 iron trolls
  2 spatial maelstroms (Abyss:4)
  A spectral anaconda (Crypt:2)
  2 sun moths
  2 bunyip zombies (Crypt:2)
  A death drake (shapeshifter) (Vaults:5)
  An anaconda zombie (Crypt:1)
  13 sea snakes
  2 storm dragon skeletons (Depths:3)
  9 deep elf archers
  6 shadow demons
  3 spriggan simulacra
  30 phantasmal warriors
  5 flayed ghosts
  A swamp dragon (Lair:5)
  A goliath frog zombie (Crypt:2)
  A bog body (Crypt:2)
  17 harpies
  3 steelbarb worms
  11 wizards
  11 orb spiders
  An orange crystal statue (IceCv)
  Pikel (D:5)
  A shadow dragon zombie (Depths:3)
  A bunyip skeleton (Crypt:2)
  A tengu zombie (Depths:3)
  21 ironbound convokers
  4 lindwurms
  A spectral iron dragon (Depths:3)
  4 golden dragon skeletons
  19 necromancers
  11 orc knights
  The ghost of javelincjr the Conjurer, a novice DsRe of Kikubaaqudgha (D:6)
  33 deep elf pyromancers
  41 deep elf zephyrmancers
  A mana viper (Abyss:4)
  21 wolf spiders
  7 cyclopes
  A will-o-the-wisp (Abyss:4)
  9 orc sorcerers
  6 shining eyes
  2 iron dragon zombies (Depths:3)
  An oklob plant (D:9)
  4 worldbinders
  24 ugly things
  19 manticores
  4 spectral merfolk (Shoals:1)
  2 spectral centaurs (Crypt:3)
  29 fauns
  32 moths of wrath
  12 elephants
  A sphinx skeleton (Depths:3)
  4 black mambas
  A centaur zombie (Crypt:2)
  19 vault sentinels
  2 guardian serpents (Depths:2)
  A titan simulacrum (Crypt:2)
  5 water nymphs
  2 dire elephant zombies
  12 merfolk sirens
  A rust devil (Pan)
  3 gargoyles
  A torpor snail (shapeshifter) (Vaults:5)
  10 torpor snails
  2 dire elephant skeletons
  4 cane toads
  12 smoke demons
  2 eyes of devastation
  5 apocalypse crabs (Abyss:4)
  2 centaur skeletons
  19 demonic crawlers
  3 kobold demonologists
  7 orange demons
  7 rime drakes
  A naga skeleton (Pan)
  Psyche (D:11)
  21 yaktaurs
  A spark wasp simulacrum (Depths:2)
  3 tormentors
  15 freezing wraiths
  8 komodo dragons
  2 ice devils
  A bunyip simulacrum (Crypt:2)
  2 tengu conjurers
  4 efreet
  12 ancient zymes (Abyss:4)
  A catoblepas skeleton (Pan)
  5 hellwings
  A golden dragon simulacrum (Depths:3)
  A harpy zombie (Crypt:2)
  A spectral harpy (Crypt:3)
  A queen bee (Lair:1)
  A white draconian skeleton (Crypt:2)
  9 polar bears
  27 merfolk
  A tengu simulacrum (Depths:3)
  10 tyrant leeches
  A polar bear (shapeshifter) (Elf:3)
  12 tarantellas
  Grinder (D:5)
  6 harpy skeletons
  12 hornets
  5 trolls
  3 wind drakes
  A death drake skeleton (Crypt:1)
  3 meliai (D:15)
  A shadow dragon simulacrum (Crypt:2)
  32 raiju
  A tarantella (shapeshifter) (D:15)
  11 dream sheep
  16 blink frogs
  A great orb of eyes zombie (Crypt:1)
  4 snapping turtles
  An ettin zombie (Abyss:3)
  A jumping spider (shapeshifter) (Vaults:5)
  23 jumping spiders
  16 culicivoras
  13 flying skulls
  2 frost giant simulacra (Depths:2)
  102 slime creatures
  12 water elementals
  An ice dragon skeleton (Crypt:3)
  14 wraiths
  2 centaur simulacra
  2 vampires
  9 shadows
  4 air elementals
  50 yaks
  15 small abominations
  6 wyverns
  15 ynoxinuls
  A naga simulacrum (Crypt:2)
  2 black mamba skeletons
  3 fire elementals
  10 neqoxecs
  The ghost of FallenXxXSky the Chucker, an amateur GnWn of Cheibriados (D:3)
  A golden eye (Abyss:4)
  A hog (Shoals:1)
  A basilisk (Lair:2)
  A fire bat (Abyss:2)
  13 vampire mosquitoes
  4 steam dragons
  8 chaos spawn
  A sea snake simulacrum (Shoals:1)
  55 redbacks
  4 wargs
  4 harpy simulacra
  2 swamp worms (Lair:5)
  3 glowing shapeshifter zombies (Depths:3)
  6 acid dragons
  Duvessa (D:6)
  13 water moccasins
  43 large abominations
  2 swamp drakes (Lair:5)
  46 orc warriors
  A black bear (D:8)
  3 great orb of eyes simulacra (IceCv)
  An ice beast (D:5)
  A sky beast (D:6)
  3 boggarts (Vaults:2)
  7 ogres
  12 wolves
  17 centaurs
  A spectral cyclops (Shoals:1)
  2 wind drake simulacra (Shoals:1)
  6 slime creature simulacra (IceCv)
  2 kobold brigands (D:7)
  2 lemures (D:5)
  14 bullfrogs
  An earth elemental (Elf:1)
  5 gnoll sergeants
  5 necrophages
  A scorpion (D:9)
  5 glowing shapeshifter simulacra (IceCv)
  A wight (D:7)
  Dowan (D:6)
  A merfolk simulacrum (Shoals:1)
  2 polar bear zombies (Crypt:2)
  An oklob sapling (D:9)
  A raiju skeleton (Crypt:3)
  25 killer bees
  A shapeshifter skeleton (Crypt:1)
  3 vampire bats (Lair:2)
  5 howler monkeys
  2 electric eels
  8 quasits
  4 jellies
  20 orc priests
  A gnoll bouda (D:10)
  9 hounds
  Crazy Yiuf (D:5)
  2 iron imps
  7 iguanas
  3 sleepcaps
  A basilisk skeleton (Crypt:3)
  2 boggart zombies (D:15)
  22 orc wizards
  An ice beast zombie (Crypt:2)
  A tengu skeleton (Crypt:1)
  A mummy (Crypt:2)
  31 gnolls
  9 adders
  A steam dragon skeleton (Crypt:1)
  3 shadow imps
  6 white imps
  5 ufetubi
  A worm zombie (Crypt:2)
  An adder skeleton (Crypt:2)
  A worm (D:3)
  70 orcs
  13 bats
  13 endoplasms
  7 giant cockroaches
  18 hobgoblins
  8 jackals
  5 quokkas
  A river rat zombie (Crypt:3)
  14 ball pythons
  An endoplasm zombie (Crypt:2)
  4 frilled lizards
  A frilled lizard zombie (Crypt:2)
  A gnoll skeleton (Crypt:1)
  20 goblins
  16 kobolds
  7 rats
  5 lurking horrors
  6 starspawn tentacles
3025 creatures vanquished.

Vanquished Creatures (collateral kills)
  Asterion (Spider:4)
  A rockslime (Slime:5)
2 creatures vanquished.

Vanquished Creatures (others)
  A draconian knight (Zot:3)
  A deep elf knight (Elf:1)
  A smoke demon (Abyss:4)
  A spectral harpy (Crypt:2)
  5 humans (Shoals:1)
  18 starspawn tentacles
27 creatures vanquished.

Grand Total: 3054 creatures vanquished

Notes
Turn   | Place    | Note
-------+----------+-------------------------------------------
     0 | D:1      | LustLizard the Gargoyle Earth Elementalist began the quest
                  | for the Orb.
     0 | D:1      | Reached XP level 1. HP: 10/10 MP: 3/3
   348 | D:1      | Reached XP level 2. HP: 16/16 MP: 3/5
   460 | D:1      | Reached skill level 4 in Earth Magic
   712 | D:1      | Reached skill level 1 in Fighting
  1016 | D:2      | Reached XP level 3. HP: 20/20 MP: 3/6
  1020 | D:2      | Learned a level 3 spell: Stone Arrow
  1023 | D:2      | Learned a level 2 spell: Blink
  2253 | D:2      | Reached skill level 1 in Conjurations
  2253 | D:2      | Reached XP level 4. HP: 25/25 MP: 3/7
  2603 | D:3      | Found a bloodstained altar of Trog.
  2614 | D:3      | Found a transporter.
  2814 | D:3      | Found a glowing drain.
  2849 | Sewer    | Entered a sewer
  3283 | Sewer    | Reached XP level 5. HP: 30/30 MP: 6/8
  3319 | Sewer    | Found a shimmering altar of Xom.
  3396 | Sewer    | Reached skill level 1 in Translocations
  3396 | Sewer    | Reached skill level 5 in Earth Magic
  3650 | D:3      | Found Taer's Antique Armour Shop.
  3654 | D:3      | Bought a heavy robe for 108 gold pieces
  3654 | D:3      | Identified the +1 robe of Asceticism {MP+9} (You bought it
                  | in a shop on level 3 of the Dungeon)
  3793 | D:3      | Found a transporter.
  3796 | D:3      | Noticed FallenXxXSky's ghost (amateur GnWn)
  4115 | D:4      | Found a staircase to the Ecumenical Temple.
  4123 | Temple   | Entered the Ecumenical Temple
  4123 | Temple   | Found a transporter.
  4123 | Temple   | Found a transporter.
  4125 | Temple   | Found a transporter.
  4125 | Temple   | Found a transporter.
  4159 | Temple   | Became a worshipper of Vehumet
  4287 | D:4      | Found a burning altar of Makhleb.
  4290 | D:4      | Reached XP level 6. HP: 35/35 MP: 10/10
  4515 | D:4      | Found a broken altar of Ashenzari.
  4515 | D:4      | Found a snail-covered altar of Cheibriados.
  4713 | D:5      | Entered Level 5 of the Dungeon
  4739 | D:5      | Found a runed translucent door.
  4740 | D:5      | Noticed Crazy Yiuf
  4756 | D:5      | Noticed Grinder
  4913 | D:5      | Noticed an ice beast
  4917 | D:5      | Killed an ice beast
  4918 | D:5      | Reached XP level 7. HP: 40/40 MP: 10/11
  5519 | D:5      | Reached skill level 6 in Earth Magic
  5662 | D:5      | Noticed Pikel
  5667 | D:5      | Killed Pikel
  5668 | D:5      | Reached XP level 8. HP: 47/47 MP: 9/13
  5939 | D:5      | Found an opulent altar of Gozag.
  6376 | D:5      | Killed Crazy Yiuf
  6487 | D:6      | Found an iron altar of Okawaru.
  6490 | D:6      | Reached skill level 7 in Earth Magic
  6557 | D:6      | Reached skill level 5 in Conjurations
  6560 | D:6      | Reached * piety under Vehumet
  6560 | D:6      | Offered knowledge of Freeze by Vehumet.
  6813 | D:6      | Noticed Dowan
  6816 | D:6      | Noticed Duvessa
  6834 | D:6      | Killed Duvessa
  6835 | D:6      | Reached skill level 5 in Stealth
  6842 | D:6      | Killed Dowan
  7125 | D:6      | Found a runed translucent door.
  7126 | D:6      | Found a shimmering altar of Xom.
  7126 | D:6      | Noticed javelincjr's ghost (novice DsRe)
  7126 | D:6      | Noticed a +0 scimitar of chaos
  7236 | D:7      | Reached XP level 9. HP: 49/52 MP: 15/15
  7446 | D:7      | Found a stormy altar of Qazlal.
  7536 | D:7      | Reached skill level 8 in Earth Magic
  7940 | D:7      | Reached ** piety under Vehumet
  7940 | D:7      | Offered knowledge of Searing Ray by Vehumet.
  8133 | D:7      | Reached skill level 5 in Fighting
  8197 | D:7      | Learned a level 5 spell: Arcjolt
  8506 | D:8      | Reached skill level 1 in Armour
  8506 | D:8      | Reached skill level 9 in Earth Magic
  8795 | D:8      | Reached XP level 10. HP: 59/59 MP: 17/17
  8801 | D:8      | Reached skill level 1 in Evocations
  8805 | D:8      | Reached skill level 1 in Axes
  8805 | D:8      | Reached skill level 5 in Spellcasting
  9142 | D:8      | Found a sparkling altar of Nemelex Xobeh.
  9446 | D:3      | Killed FallenXxXSky's ghost
  9446 | D:3      | Offered knowledge of Scorch by Vehumet.
  9459 | D:3      | Learned a level 2 spell: Scorch
  9818 | D:5      | Killed Grinder
 10115 | D:9      | Reached *** piety under Vehumet
 10319 | D:9      | Found a flagged portal.
 10325 | D:9      | Offered knowledge of Ignite Poison by Vehumet.
 10344 | D:9      | Learned a level 3 spell: Ignite Poison
 10345 | Bailey   | Entered a bailey
 10641 | Bailey   | Noticed an orc warlord
 10941 | Bailey   | Killed an orc warlord
 10942 | Bailey   | Reached XP level 11. HP: 65/65 MP: 9/19
 11152 | Bailey   | Reached skill level 10 in Conjurations
 11152 | Bailey   | Reached skill level 10 in Earth Magic
 11152 | Bailey   | Reached skill level 5 in Evocations
 11152 | Bailey   | Reached XP level 12. HP: 72/72 MP: 21/21
 11162 | Bailey   | Reached **** piety under Vehumet
 11281 | Bailey   | Offered knowledge of Lee's Rapid Deconstruction by Vehumet.
 11288 | Bailey   | Learned a level 5 spell: Lee's Rapid Deconstruction
 11371 | D:9      | Noticed a two-headed ogre
 11374 | D:9      | Killed a two-headed ogre
 11709 | D:9      | Noticed a death yak
 12108 | D:9      | Reached skill level 11 in Earth Magic
 13130 | D:9      | Killed a death yak
 13221 | D:10     | Entered Level 10 of the Dungeon
 13221 | D:10     | Noticed Fannar
 13228 | D:10     | Killed Fannar
 13536 | D:10     | Identified the ring of Veoral {Fly rPois rCorr MP+9}
 13668 | D:10     | Noticed Josephine
 13674 | D:10     | Killed Josephine
 14193 | D:10     | Reached ***** piety under Vehumet
 14205 | D:10     | Noticed Erica
 14215 | D:10     | Killed Erica
 14216 | D:10     | Reached skill level 12 in Earth Magic
 14298 | D:10     | Offered knowledge of Olgreb's Toxic Radiance by Vehumet.
 14395 | D:10     | Found a hide-covered altar of Uskayaw.
 14402 | D:10     | Found Hefuxeth's Antique Weapon Boutique.
 14410 | D:10     | Bought a smoking broad axe for 261 gold pieces
 14410 | D:10     | Identified the +12 broad axe "Xaq Van" {drain, Fragile
                  | rF+++ Will- Str+3} (You bought it in a shop on level 10 of
                  | the Dungeon)
 14470 | D:10     | Reached XP level 13. HP: 77/79 MP: 24/24
 14765 | D:10     | Found a shimmering blue altar of Sif Muna.
 14940 | D:11     | Noticed Nergalle
 14944 | D:11     | Killed Nergalle
 15256 | D:11     | Noticed Psyche
 15259 | D:11     | Killed Psyche
 15260 | D:11     | Reached skill level 5 in Dodging
 15289 | D:11     | Found Saody's Antique Armour Shoppe.
 15334 | D:11     | Found a staircase to the Lair.
 15541 | D:11     | Noticed Sonja
 15548 | D:11     | Killed Sonja
 15549 | D:11     | Reached skill level 5 in Axes
 15864 | Lair:1   | Entered Level 1 of the Lair of Beasts
 16281 | Lair:1   | Reached skill level 13 in Earth Magic
 16724 | Lair:2   | Learned a level 6 spell: Iron Shot
 17054 | Lair:2   | Found a hole to the Spider Nest.
 17222 | Lair:2   | Learned a level 4 spell: Olgreb's Toxic Radiance
 17329 | Lair:2   | Offered knowledge of Flame Wave by Vehumet.
 17740 | Lair:2   | Identified the +2 scale mail of Truth {rCorr Slay+3}
 17841 | Lair:2   | Reached skill level 1 in Poison Magic
 18613 | Lair:3   | Gained mutation: Your large and strong wings let you fly.
                  | [Gargoyle growth]
 18613 | Lair:3   | Reached XP level 14. HP: 74/86 MP: 7/26
 19414 | Lair:3   | Reached skill level 14 in Earth Magic
 19653 | Lair:3   | Found a staircase to the Shoals.
 20086 | Lair:4   | You are sucked into a shaft and drop 1 floor!
 20086 | Lair:5   | Entered Level 5 of the Lair of Beasts
 20412 | Lair:4   | Offered knowledge of Starburst by Vehumet.
 21737 | D:12     | Reached skill level 10 in Fighting
 21976 | D:12     | Identified the +3 leather armour of Uskayaw's Respect {+Inv
                  | rF+ rC- rCorr}
 22503 | D:12     | Found a staircase to the Orcish Mines.
 22676 | Orc:1    | Entered Level 1 of the Orcish Mines
 22952 | Orc:2    | Entered Level 2 of the Orcish Mines
 23063 | Orc:2    | Found a staircase to the Elven Halls.
 23064 | Orc:2    | Found Naiwk's Magic Scroll Emporium.
 23639 | Orc:2    | Found Mebram's General Store.
 23699 | Orc:2    | Found Wiann's Distillery.
 23767 | Orc:2    | Offered knowledge of Spellforged Servitor by Vehumet.
 24097 | Orc:2    | Reached skill level 15 in Earth Magic
 24272 | Orc:2    | Reached XP level 15. HP: 90/93 MP: 19/28
 24452 | Orc:2    | Paralysed by an orc sorcerer for 2 turns
 24593 | Orc:2    | Found Ostost's Jewellery Shoppe.
 24593 | Orc:2    | Found Rogaut's Antique Weapon Emporium.
 24594 | Orc:2    | Found a one-way gate leading to the halls of Pandemonium.
 24780 | Orc:2    | Noticed Saint Roka
 24845 | Orc:2    | Killed Saint Roka
 25692 | Orc:2    | Bought a scroll of enchant armour for 127 gold pieces
 25692 | Orc:2    | Bought a scroll of summoning for 161 gold pieces
 25692 | Orc:2    | Bought a scroll of acquirement for 884 gold pieces
 25692 | Orc:2    | Bought a scroll of fear for 68 gold pieces
 25692 | Orc:2    | Bought a scroll of identify for 34 gold pieces
 25692 | Orc:2    | Acquired the ring "Ockoliur" {rElec rPois rF++ Str-3 SInv}
 25694 | Orc:2    | Acquired a staff of earth
 25698 | Orc:2    | Acquired the staff of poison "Piachoux" {+Blink rPois rN+
                  | Stlth+}
 25756 | Orc:2    | Bought a potion of haste for 110 gold pieces
 25756 | Orc:2    | Bought a potion of cancellation for 88 gold pieces
 26013 | D:3      | Bought an embroidered cloak for 142 gold pieces
 26098 | D:6      | Killed javelincjr's ghost
 26484 | D:13     | Found a gate to the Vaults.
 26534 | D:13     | Found Jaacvot's Book Emporium.
 26623 | D:13     | Reached skill level 16 in Earth Magic
 27441 | D:14     | You are sucked into a shaft and drop 1 floor!
 27441 | D:15     | Entered Level 15 of the Dungeon
 27530 | D:15     | Offered knowledge of Freezing Cloud by Vehumet.
 27612 | D:15     | Noticed a thorn hunter
 27617 | D:15     | Killed a thorn hunter
 27732 | D:15     | Found the +1 robe of Vines {NoPotionHeal Regen++++}
 27836 | D:15     | Identified the +4 flail "Lamnaschidd" {antimagic, Contam
                  | rElec Int+3}
 27846 | D:15     | Found Uqoniaph's Antique Weapon Shop.
 28001 | D:15     | Found Jofour's Assorted Antiques.
 28027 | D:15     | Bought a glowing hat for 189 gold pieces
 28137 | D:15     | Noticed Nessos
 28145 | D:15     | Killed Nessos
 28823 | D:15     | Found a staircase to the Depths.
 29048 | D:14     | Reached skill level 10 in Spellcasting
 29301 | D:14     | Reached XP level 16. HP: 100/100 MP: 30/30
 29801 | Abyss:2  | Cast into level 2 of the Abyss (a wizard)
 29976 | Abyss:2  | Reached skill level 17 in Earth Magic
 30028 | Abyss:2  | Noticed a tentacled monstrosity
 30032 | Abyss:2  | Killed a tentacled monstrosity
 30037 | Abyss:2  | Noticed a lich
 30104 | Abyss:2  | Found a corrupted altar of Lugonu.
 30130 | Abyss:2  | Found a corrupted altar of Lugonu.
 30144 | Abyss:2  | Found a corrupted altar of Lugonu.
 30144 | Abyss:2  | Found a corrupted altar of Lugonu.
 30231 | Abyss:2  | Noticed an Executioner
 30235 | Abyss:2  | Killed an Executioner
 30281 | Abyss:2  | Noticed a tentacled starspawn
 30285 | Abyss:2  | Killed a tentacled starspawn
 30655 | D:14     | Escaped the Abyss
 31150 | Shoals:1 | Entered Level 1 of the Shoals
 31313 | Shoals:1 | Reached skill level 1 in Shields
 32013 | Shoals:1 | You are sucked into a shaft and drop 1 floor!
 32063 | Shoals:2 | Identified the +3 ring mail of Free Expression {rPois Str+6
                  | Int+4 Stlth+}
 32254 | Shoals:1 | Offered knowledge of Eringya's Noxious Bog by Vehumet.
 32483 | Shoals:1 | Found a runed translucent gate.
 32483 | Shoals:1 | Found a runed translucent gate.
 32484 | Shoals:1 | Found a runed translucent gate.
 32486 | Shoals:1 | Noticed Keherigeeg's ghost (adept FoCK)
 32763 | Shoals:1 | Noticed Kirke
 32797 | Shoals:1 | Noticed a sphinx
 32802 | Shoals:1 | Killed Kirke
 33766 | Shoals:1 | Identified the +2 scimitar of the Final Decision {freeze,
                  | Stlth+}
 34355 | Shoals:2 | Noticed Ilsuiw
 35156 | Shoals:3 | Reached XP level 17. HP: 103/106 MP: 25/31
 35615 | Shoals:2 | Killed Ilsuiw
 35616 | Shoals:2 | Reached skill level 18 in Earth Magic
 36304 | Shoals:3 | Reached skill level 5 in Shields
 36381 | Shoals:3 | Found a runed translucent gate.
 36382 | Shoals:3 | Found a runed translucent gate.
 36383 | Shoals:3 | Found a runed translucent gate.
 36384 | Shoals:3 | Noticed Angmar's ghost (adept DrTm)
 37777 | Shoals:4 | Entered Level 4 of the Shoals
 38391 | Shoals:4 | Identified the +5 chain mail "Nokixt" {rC+ MP+9 Str+3}
 38667 | Shoals:4 | Noticed Polyphemus
 38925 | Shoals:4 | Killed Polyphemus
 39160 | Shoals:4 | Offered knowledge of Ignition by Vehumet.
 39329 | Shoals:4 | Identified the +7 spear of True Grit {freeze, *Noise *Slow
                  | rElec rN+++}
 40112 | Shoals:4 | Noticed a sphinx
 40116 | Shoals:4 | Paralysed by a sphinx for 5 turns
 40127 | Shoals:4 | Killed a sphinx
 40441 | Shoals:4 | Got a barnacled rune of Zot
 40708 | Shoals:4 | Identified the +5 whip "Zeschul" {heavy, +Blink Will+ Str+4
                  | Int+3}
 41107 | Spider:1 | Entered Level 1 of the Spider Nest
 41138 | Spider:1 | Reached XP level 18. HP: 113/113 MP: 33/33
 41456 | Spider:1 | Reached skill level 19 in Earth Magic
 43185 | Spider:2 | Reached ****** piety under Vehumet
 43687 | Spider:2 | Reached skill level 5 in Armour
 44574 | Spider:2 | Reached skill level 15 in Conjurations
 44787 | Spider:3 | Noticed Arachne
 44795 | Spider:2 | Killed Arachne
 45026 | Spider:3 | Found a frozen archway.
 45136 | IceCv    | Entered an ice cave
 45394 | IceCv    | Offered knowledge of Lehudib's Crystal Spear by Vehumet.
 45394 | IceCv    | Offered knowledge of Shatter by Vehumet.
 45394 | IceCv    | Offered knowledge of Chain Lightning by Vehumet.
 45405 | IceCv    | Learned a level 8 spell: Lehudib's Crystal Spear
 46719 | IceCv    | Found a viscous altar of Jiyva.
 46884 | IceCv    | Got the ring of Free Expression {rC+ Int+2}
 48140 | Spider:3 | Reached skill level 20 in Earth Magic
 48140 | Spider:3 | Reached XP level 19. HP: 106/120 MP: 4/34
 48464 | Spider:4 | Entered Level 4 of the Spider Nest
 48464 | Spider:4 | Noticed Asterion
 49080 | Spider:4 | Noticed Mlioglotl
 49283 | Spider:3 | Killed Mlioglotl
 50282 | Spider:4 | Killed Asterion
 50547 | Spider:4 | Reached skill level 10 in Shields
 50767 | Spider:4 | Got a gossamer rune of Zot
 51207 | Elf:1    | Entered Level 1 of the Elven Halls
 51268 | Elf:1    | Paralysed by an air elemental for 1 turns
 51270 | Elf:1    | Paralysed by an air elemental for 1 turns
 51526 | Elf:1    | Reached skill level 1 in Maces & Flails
 52947 | Elf:1    | Got the Anthology of Summoning
 53179 | Elf:2    | Paralysed by an air elemental for 1 turns
 53604 | Elf:2    | Reached skill level 21 in Earth Magic
 53864 | Elf:2    | Reached XP level 20. HP: 117/128 MP: 34/36
 54002 | Elf:2    | Found a runed translucent gate.
 54003 | Elf:2    | Found a runed translucent gate.
 54003 | Elf:2    | Found a runed translucent gate.
 55395 | Elf:3    | Entered Level 3 of the Elven Halls
 56485 | Elf:3    | Paralysed by an air elemental for 1 turns
 56921 | Elf:3    | Identified the +1 lajatang "Siziq" {flame, *Noise rC+ rN+}
 56921 | Elf:3    | Identified the +2 leather armour of Sophism {+Inv rN+ Int-4
                  | Slay+5}
 57115 | Elf:3    | Reached skill level 15 in Fighting
 57238 | Elf:3    | Reached skill level 5 in Maces & Flails
 57336 | Elf:3    | Reached skill level 22 in Earth Magic
 57499 | Elf:3    | Identified the +9 plate armour of the Eleven Stars {rPois
                  | rCorr Dex+6 Slay-3}
 57501 | Elf:3    | Identified the staff of death "Wategeasyf" {Fragile rElec
                  | rF++ rN+ Int+2}
 57514 | Elf:3    | Got the Elucidation of Viridian Bringing Forth
 57525 | Elf:3    | Got the Reference Book on Injury and Pestilence
 57530 | Elf:3    | Identified the +2 scale mail of Bitterness {rC+}
 57542 | Elf:3    | Got the Atlas of Amalgamated Nephomancy
 57652 | Elf:3    | Learned a level 9 spell: Shatter
 57875 | Vaults:1 | Entered Level 1 of the Vaults
 58343 | Vaults:1 | Reached XP level 21. HP: 134/134 MP: 8/38
 60729 | Vaults:1 | Reached skill level 10 in Armour
 62332 | Vaults:2 | Reached skill level 23 in Earth Magic
 62672 | Vaults:2 | Found Zypsut's Armour Shop.
 63428 | Vaults:2 | Found a runed translucent gate.
 63428 | Vaults:2 | Found a runed translucent gate.
 63429 | Vaults:2 | Found a runed translucent gate.
 63429 | Vaults:2 | Noticed Xafer's ghost (adept DsGl)
 63821 | Vaults:3 | Found Datef's General Store.
 63915 | Vaults:3 | Reached XP level 22. HP: 137/141 MP: 39/39
 64524 | Vaults:3 | Acquired the +0 pair of boots of Diluo {Contam rCorr Int+3}
 65094 | Vaults:3 | Found a staircase to the Crypt.
 66709 | Vaults:4 | Reached skill level 24 in Earth Magic
 67575 | Vaults:4 | Identified the +5 flail "Dragonslayer" {freeze, rPois rC-
                  | Str+2 Int+4}
 68508 | Vaults:4 | Found Notamm's Distillery.
 68512 | Vaults:4 | Bought a potion of invisibility for 128 gold pieces
 68512 | Vaults:4 | Bought a potion of magic for 128 gold pieces
 68512 | Vaults:4 | Bought a potion of mutation for 128 gold pieces
 68512 | Vaults:4 | Bought a potion of curing for 48 gold pieces
 68792 | Depths:1 | Entered Level 1 of the Depths
 69927 | Depths:1 | Reached XP level 23. HP: 148/148 MP: 9/41
 70300 | Depths:1 | Identified the ring "Dycef" {Drain rPois Str+6 Dex+8}
 70592 | Depths:1 | Found a transporter.
 70762 | Depths:1 | Found a transporter.
 70876 | Depths:1 | Found a transporter.
 70878 | Depths:1 | Found a transporter.
 70905 | Depths:1 | Found a one-way gateway to a ziggurat.
 70909 | Depths:1 | Found a transporter.
 70914 | Depths:1 | Found a transporter.
 70917 | Depths:1 | Found a gateway to Hell.
 71310 | Depths:1 | You are sucked into a shaft and drop 1 floor!
 71680 | Depths:2 | Found Gozag's Antique Weapon Shop.
 71749 | Depths:2 | Found an opulent altar of Gozag.
 71749 | Depths:2 | Noticed a golden dragon
 71751 | Depths:2 | Found Gozag's Assorted Antiques.
 71921 | Depths:2 | Found Gozag's Assorted Antiques.
 71924 | Depths:2 | Noticed Mara
 71937 | Depths:2 | Noticed LustLizard's illusion
 71938 | Depths:2 | Killed Mara
 72156 | Depths:2 | Killed a golden dragon
 72217 | Depths:2 | Reached skill level 25 in Earth Magic
 73165 | Depths:2 | Found a one-way gate to the infinite horrors of the Abyss.
 73352 | Depths:3 | Noticed Sojobo
 73352 | Depths:3 | Noticed Grunn
 73357 | Depths:3 | Killed Grunn
 73360 | Depths:3 | Reached skill level 10 in Maces & Flails
 73649 | Depths:3 | Paralysed by an air elemental for 1 turns
 73656 | Depths:2 | Paralysed by an air elemental for 1 turns
 74290 | Depths:2 | Paralysed by an air elemental for 1 turns
 74294 | Depths:2 | Paralysed by an air elemental for 1 turns
 74299 | Depths:2 | Killed Sojobo
 74531 | Depths:3 | Identified the staff of earth "Xijak" {rPois}
 74843 | Depths:3 | Found an ancient bone altar of Kikubaaqudgha.
 75221 | Depths:3 | Reached skill level 15 in Spellcasting
 76163 | Depths:3 | Identified the ring of Harmony {rN+ Will+++ Str-5}
 76286 | Depths:3 | Identified the staff of air "Xebi" {rElec MP+9 Str+2}
 76981 | Depths:4 | Entered Level 4 of the Depths
 76988 | Depths:4 | Learned a level 5 spell: Summon Mana Viper
 77013 | Depths:4 | Reached XP level 24. HP: 157/157 MP: 6/42
 77264 | Depths:4 | Reached skill level 15 in Shields
 77265 | Depths:4 | Reached skill level 1 in Hexes
 77265 | Depths:4 | Reached skill level 1 in Summonings
 78006 | Depths:4 | Found a gate to the Realm of Zot.
 78240 | Depths:4 | Found Safoutte's Self-Improvement Boutique.
 78248 | Depths:4 | Bought a manual of Shields for 1360 gold pieces
 78248 | Depths:4 | Bought a manual of Fighting for 1360 gold pieces
 78248 | Depths:4 | Bought a manual of Conjurations for 1360 gold pieces
 78271 | Depths:4 | Found a radiant altar of Vehumet.
 78603 | Depths:4 | Noticed Jory
 78607 | Depths:4 | Killed Jory
 79214 | Shoals:3 | Killed Angmar's ghost
 79215 | Shoals:3 | Reached skill level 26 in Earth Magic
 79444 | Orc:2    | Bought a scroll of teleportation for 51 gold pieces
 79491 | Orc:2    | Bought a potion of mutation for 88 gold pieces
 79491 | Orc:2    | Bought a potion of invisibility for 88 gold pieces
 79755 | Lair:5   | Found a staircase to the Slime Pits.
 79756 | Lair:5   | Found a viscous altar of Jiyva.
 79894 | Lair:5   | Got Qooz's Papyrus of the Red Body
 79952 | Lair:5   | Noticed Urug
 79955 | Lair:5   | Killed Urug
 80489 | Lair:5   | Found a runed translucent door.
 81308 | Lair:5   | Identified the +3 ring mail of Serendipity {Will+}
 81546 | Slime:1  | Entered Level 1 of the Pits of Slime
 82540 | Slime:4  | Gained mutation: Your spells are a little easier to cast,
                  | but a little less powerful. [a shining eye]
 83146 | Slime:4  | Gained mutation: You are occasionally teleported next to
                  | monsters. [a shining eye]
 83148 | Slime:4  | Gained mutation: Your muscles are strong. (Str +4, Int/Dex
                  | -1) [a shining eye]
 83152 | Slime:4  | Lost mutation: Your spells are a little easier to cast, but
                  | a little less powerful. [potion of mutation]
 83152 | Slime:4  | Lost mutation: Your muscles are strong. (Str +4, Int/Dex
                  | -1) [potion of mutation]
 83152 | Slime:4  | Lost mutation: You are occasionally teleported next to
                  | monsters. [potion of mutation]
 83152 | Slime:4  | Gained mutation: Your movements are slightly less
                  | encumbered by armour. (ER -2) [potion of mutation]
 83152 | Slime:4  | Gained mutation: Your body sometimes deteriorates upon
                  | taking damage. [potion of mutation]
 83152 | Slime:4  | Gained mutation: You have a pair of small horns on your
                  | head. [potion of mutation]
 83182 | Slime:5  | Entered Level 5 of the Pits of Slime
 83297 | Slime:5  | Gained mutation: You are frail. (-10% HP) [a shining eye]
 83300 | Slime:5  | Gained mutation: You occasionally lose the ability to read
                  | scrolls when taking damage. [a shining eye]
 83310 | Slime:5  | Gained mutation: You sometimes lose the ability to read
                  | scrolls when taking damage. [a shining eye]
 83312 | Slime:5  | Gained mutation: You are weak. (Str -2) [a shining eye]
 83315 | Slime:5  | Lost mutation: Your movements are slightly less encumbered
                  | by armour. (ER -2) [potion of mutation]
 83315 | Slime:5  | Lost mutation: You are frail. (-10% HP) [potion of
                  | mutation]
 83315 | Slime:5  | Lost mutation: You have a pair of small horns on your head.
                  | [potion of mutation]
 83315 | Slime:5  | Gained mutation: You are partially covered in iridescent
                  | scales. (AC +2) [potion of mutation]
 83315 | Slime:5  | Gained mutation: You passively dampen the noise of your
                  | surroundings. [potion of mutation]
 83315 | Slime:5  | Gained mutation: You have a pair of small horns on your
                  | head. [potion of mutation]
 83316 | Slime:5  | Lost mutation: You have a pair of small horns on your head.
                  | [potion of mutation]
 83316 | Slime:5  | Lost mutation: You passively dampen the noise of your
                  | surroundings. [potion of mutation]
 83316 | Slime:5  | Lost mutation: You are partially covered in iridescent
                  | scales. (AC +2) [potion of mutation]
 83316 | Slime:5  | Lost mutation: You are weak. (Str -2) [potion of mutation]
 83316 | Slime:5  | Gained mutation: Your flesh is heat resistant. (rF+)
                  | [potion of mutation]
 83316 | Slime:5  | Gained mutation: You are partially covered in large bone
                  | plates. (SH +4) [potion of mutation]
 83747 | Slime:5  | Noticed the Royal Jelly
 83758 | Slime:5  | Lost mutation: You are partially covered in large bone
                  | plates. (SH +4) [potion of mutation]
 83758 | Slime:5  | Lost mutation: Your body sometimes deteriorates upon taking
                  | damage. [potion of mutation]
 83758 | Slime:5  | Gained mutation: Your flesh is cold resistant. (rC+)
                  | [potion of mutation]
 83759 | Slime:5  | Lost mutation: Your flesh is cold resistant. (rC+) [potion
                  | of mutation]
 83759 | Slime:5  | Lost mutation: You sometimes lose the ability to read
                  | scrolls when taking damage. [potion of mutation]
 83759 | Slime:5  | Lost mutation: Your flesh is heat resistant. (rF+) [potion
                  | of mutation]
 83759 | Slime:5  | Gained mutation: You have hidden genetic defects. [potion
                  | of mutation]
 83759 | Slime:5  | Gained mutation: You are vulnerable to cold. (rC-) [potion
                  | of mutation]
 83759 | Slime:5  | Gained mutation: You expend magic power (3 MP) to
                  | strengthen your wands. [potion of mutation]
 83759 | Slime:5  | Gained mutation: Your flesh is heat resistant. (rF+)
                  | [potion of mutation]
 83760 | Slime:5  | Lost mutation: Your flesh is heat resistant. (rF+) [potion
                  | of mutation]
 83760 | Slime:5  | Lost mutation: You are vulnerable to cold. (rC-) [potion of
                  | mutation]
 83760 | Slime:5  | Gained mutation: You occasionally lose the ability to drink
                  | potions when taking damage. [potion of mutation]
 83761 | Slime:5  | Lost mutation: You expend magic power (3 MP) to strengthen
                  | your wands. [potion of mutation]
 83761 | Slime:5  | Lost mutation: You occasionally lose the ability to read
                  | scrolls when taking damage. [potion of mutation]
 83761 | Slime:5  | Gained mutation: Your mind is acute. (Int +4, Str/Dex -1)
                  | [potion of mutation]
 83761 | Slime:5  | Gained mutation: You have large cloven feet. [potion of
                  | mutation]
 83761 | Slime:5  | Gained mutation: Your muscles are strong. (Str +4, Int/Dex
                  | -1) [potion of mutation]
 83762 | Slime:5  | Lost mutation: You occasionally lose the ability to drink
                  | potions when taking damage. [potion of mutation]
 83762 | Slime:5  | Lost mutation: Your muscles are strong. (Str +4, Int/Dex
                  | -1) [potion of mutation]
 83762 | Slime:5  | Lost mutation: You have large cloven feet. [potion of
                  | mutation]
 83762 | Slime:5  | Gained mutation: Your body sometimes deteriorates upon
                  | taking damage. [potion of mutation]
 83762 | Slime:5  | Lost mutation: Your body sometimes deteriorates upon taking
                  | damage. [potion of mutation]
 83762 | Slime:5  | Gained mutation: You possess an exceptional clarity of
                  | mind. [potion of mutation]
 83943 | Slime:5  | Killed the Royal Jelly
 84308 | Slime:5  | Lost mutation: You have hidden genetic defects. [potion of
                  | mutation]
 84308 | Slime:5  | Lost mutation: Your mind is acute. (Int +4, Str/Dex -1)
                  | [potion of mutation]
 84308 | Slime:5  | Gained mutation: You have a pair of small horns on your
                  | head. [potion of mutation]
 84308 | Slime:5  | Gained mutation: You passively map a small area around you.
                  | [potion of mutation]
 84588 | Slime:5  | Identified the staff of conjuration "Rumu Zax" {Str-2 Int+4
                  | SInv Stlth+}
 84601 | Slime:5  | Identified the +4 long sword "Unuhoem" {flame, rN+ rCorr
                  | Dex+2 SInv}
 84623 | Slime:5  | Got a slimy rune of Zot
 84624 | Slime:5  | Identified the ring of Zyicuus {Drain Will+++ MP+9 Dex+6}
 84664 | Slime:5  | Identified the amulet "Afiphank" {Acrobat rElec rC- SInv}
 84676 | Slime:5  | Identified the +3 scimitar of Qyhez {flame, rN+ Will+}
 84677 | Slime:5  | Identified the +3 quarterstaff of Quosiomm {holy, rN+}
 84680 | Slime:5  | Identified the +8 short sword of the Unkillable {flame,
                  | rCorr}
 84779 | Slime:5  | Identified the ring "Ydadigaj" {Ice Will+ Str+3}
 85460 | Vaults:5 | Entered Level 5 of the Vaults
 85463 | Vaults:5 | Reached skill level 5 in Hexes
 85463 | Vaults:5 | Reached skill level 5 in Summonings
 85489 | Vaults:5 | Reached XP level 25. HP: 164/164 MP: 42/42
 85514 | Vaults:5 | Reached skill level 27 in Earth Magic
 85620 | Vaults:5 | Found Kyaleira's Distillery.
 86533 | Vaults:5 | Identified the +9 trident of Makhleb {freeze, rElec Str+6}
 86588 | Vaults:5 | Noticed a dread lich
 86659 | Vaults:5 | Killed a dread lich
 86815 | Vaults:5 | Got the Discursus on the Planar Hornet
 86901 | Vaults:5 | Got the Compendium of Malisons and the Chill
 87048 | Vaults:5 | Found the +5 Force Lance {heavy, knockback}
 87056 | Vaults:5 | Got the Directory of the Peccant Crevasse
 87057 | Vaults:5 | Identified the staff of fire "Vise" {rPois rF+ rN++ Will+
                  | Dex-4}
 87400 | Vaults:5 | Found Wadess's Distillery.
 87412 | Vaults:5 | Found Idaizuy's Distillery.
 87424 | Vaults:5 | Found Pamoast's Distillery.
 87436 | Vaults:5 | Got a silver rune of Zot
 87447 | Vaults:5 | Found Umpettoo's Magic Scroll Shop.
 87748 | Vaults:5 | Bought a potion of cancellation for 88 gold pieces
 87748 | Vaults:5 | Bought a potion of heal wounds for 55 gold pieces
 87766 | Vaults:5 | Bought 2 potions of heal wounds for 160 gold pieces
 87766 | Vaults:5 | Bought a potion of heal wounds for 80 gold pieces
 87766 | Vaults:5 | Bought a potion of resistance for 160 gold pieces
 87766 | Vaults:5 | Bought a potion of heal wounds for 80 gold pieces
 87777 | Vaults:5 | Bought a potion of heal wounds for 110 gold pieces
 87777 | Vaults:5 | Bought a potion of haste for 220 gold pieces
 87777 | Vaults:5 | Bought a potion of heal wounds for 110 gold pieces
 87777 | Vaults:5 | Bought a potion of curing for 66 gold pieces
 87777 | Vaults:5 | Bought a potion of haste for 220 gold pieces
 87777 | Vaults:5 | Bought a potion of curing for 66 gold pieces
 87777 | Vaults:5 | Bought a potion of resistance for 220 gold pieces
 87788 | Vaults:5 | Bought a potion of curing for 33 gold pieces
 87788 | Vaults:5 | Bought a potion of invisibility for 88 gold pieces
 87806 | Vaults:5 | Bought a potion of curing for 48 gold pieces
 87806 | Vaults:5 | Bought a potion of curing for 48 gold pieces
 87827 | Vaults:5 | Bought a scroll of teleportation for 54 gold pieces
 87827 | Vaults:5 | Bought a scroll of teleportation for 54 gold pieces
 87827 | Vaults:5 | Bought a scroll of teleportation for 54 gold pieces
 87827 | Vaults:5 | Bought a scroll of teleportation for 54 gold pieces
 87846 | Vaults:5 | Identified the +5 glaive "Dragon's Demise" {spect, rN+
                  | Int+4 Dex+2}
 88059 | Vaults:2 | Killed Xafer's ghost
 88201 | Vaults:2 | Learned a level 7 spell: Summon Hydra
 88575 | Zot:1    | Entered Level 1 of the Realm of Zot
 89802 | Zot:1    | Reached XP level 26. HP: 166/176 MP: 23/43
 90020 | Zot:1    | Reached skill level 10 in Summonings
 90848 | Zot:1    | Found the +4 skin of Zhor {*Englaciate rC+++ SInv}
 93430 | Zot:2    | Found the +4 dragonskin cloak
 93430 | Zot:2    | Noticed Tiamat
 93961 | Zot:2    | Reached skill level 10 in Stealth
 94037 | Zot:2    | Killed Tiamat
 94418 | Zot:3    | Noticed an orb of fire
 94437 | Zot:3    | Gained mutation: You are vulnerable to cold. (rC-) [an orb
                  | of fire]
 94441 | Zot:3    | Killed an orb of fire
 95671 | Zot:3    | Found the +27 heavy crossbow "Sniper" {heavy, Acc+∞ SInv}
 96410 | Zot:4    | Reached XP level 27. HP: 184/184 MP: 14/43
 97294 | Zot:5    | Entered Level 5 of the Realm of Zot
 98315 | Zot:5    | Noticed an orb of fire
 98325 | Zot:5    | Killed an orb of fire
 98547 | Zot:5    | Noticed a dread lich
 98549 | Zot:5    | Killed a dread lich
 98890 | Zot:5    | Noticed an orb of fire
 98937 | Zot:5    | Noticed a dread lich
 98946 | Zot:5    | Killed a dread lich
 99101 | Zot:5    | Noticed an ancient lich
 99111 | Zot:5    | Noticed an orb of fire
 99117 | Zot:5    | Gained mutation: You are weak. (Str -2) [an orb of fire]
 99118 | Zot:5    | Gained mutation: You are dopey. (Int -2) [an orb of fire]
 99741 | Zot:5    | Killed an orb of fire
 99853 | Zot:5    | Reached skill level 10 in Evocations
 99854 | Zot:5    | Killed an ancient lich
100030 | Zot:5    | Noticed an ancient lich
100037 | Zot:5    | Killed an ancient lich
100532 | Zot:5    | Gained mutation: You have sharp toenails. [an orb of fire]
100533 | Zot:5    | Killed an orb of fire
101368 | Crypt:1  | Entered Level 1 of the Crypt
103060 | Crypt:2  | Noticed Margery
103063 | Crypt:2  | Killed Margery
103081 | Crypt:2  | Noticed Khufu
103084 | Crypt:2  | Noticed a royal mummy
103239 | Crypt:2  | Killed a royal mummy
103241 | Crypt:2  | Killed Khufu
103275 | Crypt:2  | Noticed a royal mummy
103426 | Crypt:2  | Killed a royal mummy
104377 | Crypt:2  | Noticed Boris
104382 | Crypt:2  | Killed Boris
104581 | Crypt:3  | Entered Level 3 of the Crypt
104587 | Crypt:3  | Reached skill level 15 in Summonings
105353 | Crypt:3  | Found a staircase to the Tomb.
105785 | Crypt:3  | Found an ancient bone altar of Kikubaaqudgha.
106370 | Crypt:3  | Got Kereg's Handbook of Malignant Rituals
107290 | Depths:2 | Voluntarily entered the Abyss.
107298 | Abyss:2  | Found a corrupted altar of Lugonu.
107367 | Abyss:2  | Found a corrupted altar of Lugonu.
107401 | Abyss:3  | Found a corrupted altar of Lugonu.
107601 | Abyss:3  | Paralysed by an air elemental for 1 turns
107683 | Depths:2 | Escaped the Abyss
107776 | Depths:2 | Voluntarily entered the Abyss.
107883 | Abyss:3  | Found a corrupted altar of Lugonu.
107985 | Abyss:3  | Found a corrupted altar of Lugonu.
107992 | Abyss:3  | Found a corrupted altar of Lugonu.
107992 | Abyss:3  | Found a corrupted altar of Lugonu.
108366 | Depths:2 | Escaped the Abyss
108532 | Depths:2 | Voluntarily entered the Abyss.
108725 | Abyss:4  | Found a corrupted altar of Lugonu.
108768 | Abyss:4  | Found a corrupted altar of Lugonu.
108768 | Abyss:4  | Found a corrupted altar of Lugonu.
109088 | Abyss:4  | Found a corrupted altar of Lugonu.
109124 | Abyss:4  | Reached skill level 15 in Armour
109141 | Depths:2 | Escaped the Abyss
109384 | Depths:2 | Voluntarily entered the Abyss.
109911 | Abyss:4  | Got an abyssal rune of Zot
110475 | Depths:2 | Escaped the Abyss
110495 | Depths:2 | Learned a level 5 spell: Summon Forest
110825 | Pan      | Entered Pandemonium
110916 | Pan      | Noticed Jailium the pandemonium lord
110925 | Pan      | Killed Jailium the pandemonium lord
112253 | Pan      | Got the Quarto of Thermatology
112466 | Pan      | Entered the realm of Gloorx Vloq.
112871 | Pan      | Found an exit through the horrors of the Abyss.
113605 | Pan      | Noticed Gloorx Vloq
114033 | Pan      | Killed Gloorx Vloq
114061 | Pan      | Got a dark rune of Zot
114707 | Pan      | Gained mutation: You are occasionally teleported next to
                  | monsters. [a cacodemon]
114715 | Pan      | Lost mutation: You are occasionally teleported next to
                  | monsters. [a neqoxec]
114728 | Pan      | Noticed Loxtushi the pandemonium lord
114764 | Pan      | Paralysed by a floating eye for 3 turns
114768 | Pan      | HP: 4/192 [Brimstone Fiend (13)]
114768 | Pan      | Killed from afar by a balrug

Illustrated notes

Levels and vault maps discovered:
D:1:      dpeg_arrival_leaves_temple_mockup, layout_loops_ring,
          minmay_pentomino_u4
D:2:      layout_loops_corners
D:3:      layout_basic, overflow_temple_1_default, serial_shops,
          nicolae_shop_back_alley_shop, gammafunk_ghost_stat_death,
          cheibrodos_sewer_entry_bend
D:4:      layout_basic, makhleb_heckhound_becter,
          amethyst_overflow_temple_binary, minmay_temple_entry_steel_oval
D:5:      layout_layer_cave, lemuel_round_altar, uniq_pikel,
          uniq_crazy_yiuf_cottage, uniq_grinder
D:6:      layout_rooms, kennysheep_okawaru_gauntlet, ebering_ghost_xom,
          eino_tiny_chamber, uniq_duvessa
D:7:      layout_basic, grunt_qazlal_clouds, minmay_fractal_squares_5
D:8:      layout_rooms, dk_vineyard_2, minmay_ruined_shrine
D:9:      argonaut_augean_stables, layout_irregular_city, enter_bailey_7,
          introduction_to_nature_1
D:10:     layout_big_octagon, tgw_sif, overflow_temple_1_default,
          serial_gnoll_camp, gnoll_camp_huts_basic, gnoll_camp_mini_doghouse,
          gnoll_camp_mini_hut, gnoll_camp_mini_shop, uniq_fannar,
          uniq_josephine, uniq_erica
D:11:     layout_basic, minmay_lair_entry_grove, serial_shops, shop,
          grunt_decor_one_mirror, uniq_sonja, uniq_psyche, uniq_nergalle
D:12:     layout_rooms, david_orc_4, drop_trap
D:13:     layout_grid_maze, erik_vaults_2, serial_shops, nicolae_shop_stone,
          kennysheep_decorative_pillar
D:14:     layout_roguey, grunt_decor_mini_mirrors
D:15:     grunt_enter_depths_magical_seal, layout_basic,
          chequers_serial_rivers_large_a, serial_shops, shop, shop,
          hellmonk_guarded_unrand_vines, uniq_nessos
Temple:   hellmonk_temple_divided_pantheon
Lair:1:   layout_loops_ring, special_room [special_room_bee], nzn_random_ring,
          serial_bayou_shore_b
Lair:2:   nzn_winding_woodlands_three_and_one
          [nzn_winding_woodlands_5x15_sawtooth,
          nzn_winding_woodlands_5x15_cabin, nzn_winding_woodlands_5x15_garden,
          nzn_winding_woodlands_center_diamonds], layout_hall_layers,
          nicolae_spider_entry_lesser_pyramids, roderic_batcave,
          lemuel_fruit_tree, serial_bayou_shore_a, infiniplex_staircase_pool_2
Lair:3:   layout_misc_corridors, shoals_dummy_entry
Lair:4:   layout_hall_layers
Lair:5:   wormcave, layout_regular_city, guppyfry_lair_end_dragon,
          slime_entry_1, worms_lemuel, uniq_urug
Shoals:1: layout_shoals, gammafunk_ghost_necromancy, uniq_kirke
Shoals:2: layout_shoals, uniq_ilsuiw
Shoals:3: layout_shoals, gammafunk_ghost_split
Shoals:4: shoals_end_hellmonk_lost_city, serial_shops, uniq_polyphemus
Spider:1: layout_spider_delve
Spider:2: layout_spider_delve, nicolae_spider_swamp_cousins
Spider:3: layout_spider_delve, portal_ice_cave_entry_frozen_things, uniq_arachne
Spider:4: spider_rune_water, uniq_asterion, uniq_mlioglotl
Slime:1:  layout_caves
Slime:2:  layout_caves
Slime:3:  layout_caves, cheibrodos_slime_lost_civilization_5
Slime:4:  layout_caves
Slime:5
Orc:1:    layout_caves
Orc:2:    pf_orc_diabolical, layout_diamond_mine, serial_shops, shop,
          uniq_saint_roka
Elf:1:    eino_elf_arrival_the_gate, layout_rooms, minmay_elf_demonology
Elf:2:    nicolae_elf_blades_crystal_corner, layout_loops_cross, st_stairs_13
Elf:3:    elf_hall, layout_rooms
Vaults:1: nicolae_vaults_double_plus_1, nicolae_vaults_doubleplus_tesselated,
          ontoclasm_vaults_chip, nicolae_vaults_sightless_eye, v_misc_18,
          ontoclasm_vaults_misaligned, nicolae_vaults_diamond_2,
          ontoclasm_vaults_spin, nicolae_vaults_antechamber_and_loot_room,
          nicolae_vaults_twisting_passages, ontoclasm_vaults_decontamination,
          layout_vaults_big_cross
Vaults:2: ebering_ghost_rock_garden, nicolae_vaults_stand_back, v_misc_33,
          v_misc_27, grunt_vaults_hallway_short, ontoclasm_vaults_hangar,
          nicolae_vaults_tetromino_T_2, nicolae_vaults_wine_cellar,
          vaults_dpeg_encased_lava, layout_vaults_quadrants, serial_shops,
          nicolae_shop_back_alley_shop
Vaults:3: minmay_crypt_entry_simple_round, v_misc_28,
          nicolae_vaults_storage_closets_3, nicolae_vaults_little_squares_4,
          hangedman_vaults_stagger, nicolae_vaults_house_2,
          hangedman_vaults_nails, nicolae_vaults_mini_display_case,
          hangedman_vaults_stream, nicolae_vaults_trapezoid_lopsided_2,
          nicolae_vaults_house_3, nicolae_vaults_tetromino_T_1,
          layout_vaults_maze_snakey, serial_shops, nicolae_shop_hallway_stairs,
          serial_glass
Vaults:4: dpeg_vaults_monster_box, grunt_vaults_swirl,
          hangedman_vaults_stretched_pinwheel, v_misc_3,
          nicolae_vaults_tetromino_Z_2, nicolae_vaults_hexular_roomagon,
          nicolae_vaults_closet_pinwheel_5, nicolae_vaults_more_shelving_2,
          ontoclasm_vaults_claustrophobia, nicolae_vaults_trapezoid_1,
          layout_vaults_ring, serial_shops, nicolae_shop_pleasant_corner_grove
Vaults:5
Crypt:1:  layout_catacombs, minivault_23, grunt_megastairs_1
Crypt:2:  layout_misc_corridors, nicolae_crypt_knee_deep_in_the_dead,
          grunt_megastairs_4, uniq_margery, uniq_khufu, uniq_boris
Crypt:3:  church_of_pain_bobbens, layout_chaotic_city
Depths:1: kennysheep_blocky_room, layout_gridville, enter_ziggurat_e,
          minmay_room_of_horrors, nicolae_titane, hell_entry,
          serial_nicolae_subway, nicolae_sub_station_crystal,
          nicolae_sub_station_metal, nicolae_sub_station_stone,
          infiniplex_staircase_pool_lava, serial_bayou_shore_b
Depths:2: kennysheep_gozag_temple, layout_small_grid, hell_entry, pan_entry,
          abyss_entry_crystal, uniq_mara
Depths:3: evilmike_negative_zone, layout_gridlike, abyss_entry,
          lightli_too_deep, hangedman_abyss_or_decor_stabs,
          nrook_kobold_shadow_demons, uniq_grunn, uniq_josephina, uniq_sojobo
Depths:4: evilmike_zot_entry_basic, layout_gridville, hangedman_coc_ice_floe,
          nicolae_vehumet_radiance, nicolae_shop_self_help, grunt_megastairs_3,
          uniq_jory
Zot:1:    layout_cathedral_of_symmetry, st_small_dragon_hoard_5,
          st_small_dragon_hoard_3, grunt_ministairs_2, grunt_megastairs_5
Zot:2:    layout_basic, st_stairs_14, grunt_megastairs_2, uniq_tiamat
Zot:3:    layout_twisted_circle
Zot:4:    layout_misc_corridors
Zot:5:    layout_twisted_circle
Pan:      evilmike_mini_pan_other_thingy, layout_grid_shapes,
          nicolae_pan_cerebovesque_1, evilmike_gloorx_vloq_box,
          layout_stronghold, rand_demon_9, layout_chambers, pan_blood_fountain,
          nicolae_pan_cerebovesque_1

Skill      XL: |  1  2  3  4  5  6  7  8  9 10 11 12 13 14 15 16 17 18 19 20 21 22 23 24 25 26 27 |
---------------+----------------------------------------------------------------------------------+-----
Earth Magic    | 4 5 6 7 9 10 12 13 15 16 17 18 20 21 22 23 24 25 26 27 | 27.0
Fighting       | 1 2 3 4 5 6 7 8 9 10 11 12 13 14 15 16 17 18 20 21 24 | 24.4
Conjurations   | 1 2 3 4 5 7 8 10 11 12 13 14 15 16 19 | 19.7
Stealth        | 3 4 5 6 8 10 13 | 13.5
Translocations | 1 2 3 4 |  4.0
Spellcasting   | 3 4 5 6 7 8 9 10 11 12 13 14 15 16 17 | 17.6
Armour         | 1 2 3 6 8 9 10 12 15 | 15.5
Dodging        | 2 3 4 5 6 7 8 |  8.0
Evocations     | 2 5 6 7 9 13 | 13.1
Axes           | 2 3 4 5 7 |  7.3
Fire Magic     | 2 |  2.8
Poison Magic   | 1 4 |  4.0
Shields        | 4 7 9 10 11 12 13 14 16 18 | 18.7
Maces & Flails | 2 5 7 9 10 11 14 | 14.9
Hexes          | 5 6 |  6.0
Summonings     | 5 9 12 17 | 17.6
Transmutations | |  0.7

Action                     |  1- 3 |  4- 6 |  7- 9 | 10-12 | 13-15 | 16-18 | 19-21 | 22-24 | 25-27 || total
---------------------------+-------+-------+-------+-------+-------+-------+-------+-------+-------++-------
  Melee: Mace              |       |     1 |       |       |       |       |       |       |       ||     1
         Whip              |       |       |     5 |     3 |       |    83 |   124 |   169 |   901 ||  1285
         War axe           |       |       |       |    13 |    32 |       |       |       |       ||    45
         Punch             |       |       |       |       |     3 |     2 |       |       |       ||     5
         Staff             |       |       |       |       |    34 |    96 |       |       |       ||   130
         Unarmed           |       |       |       |       |       |    13 |       |       |       ||    13
         Headbutt          |       |       |       |       |       |       |       |     4 |   481 ||   485
         Sacred scourge    |       |       |       |       |       |       |       |       |   297 ||   297
   Cast: Sandblast         |    54 |    75 |    65 |   154 |    39 |     1 |       |       |     1 ||   389
         Stone Arrow       |       |     5 |    60 |   193 |   423 |   584 |   438 |   689 |   278 ||  2670
         Lee's Rapid Decon |       |       |       |    11 |    35 |    24 |   216 |    69 |    28 ||   383
         Iron Shot         |       |       |       |       |   143 |   375 |   260 |   268 |    33 ||  1079
         Olgreb's Toxic Ra |       |       |       |       |    17 |    30 |     9 |     8 |     1 ||    65
         Ignite Poison     |       |       |       |       |    13 |    23 |    11 |    12 |       ||    59
         Lehudib's Crystal |       |       |       |       |       |       |       |   175 |   797 ||   972
         Blink             |       |       |       |       |       |       |       |     2 |       ||     2
         Shatter           |       |       |       |       |       |       |       |    45 |   175 ||   220
         Summon Mana Viper |       |       |       |       |       |       |       |       |     8 ||     8
         Summon Hydra      |       |       |       |       |       |       |       |       |     1 ||     1
         Summon Forest     |       |       |       |       |       |       |       |       |     1 ||     1
  Evoke: Wand              |       |       |     3 |     1 |     2 |    21 |     1 |     2 |       ||    30
         Lightning rod     |       |       |       |       |     2 |     5 |     8 |       |     9 ||    24
         Condenser vane    |       |       |       |       |       |       |     1 |       |     1 ||     2
         Phantom mirror    |       |       |       |       |       |       |       |     1 |     1 ||     2
    Use: Scroll            |       |     3 |     5 |    12 |    17 |     7 |     9 |     8 |    16 ||    77
         Potion            |       |       |     1 |     1 |     2 |    12 |     1 |    22 |    29 ||    68
   Stab: Distracted        |       |       |       |       |       |       |       |       |     5 ||     5
 Armour: Robe              |     3 |     5 |    16 |   178 |   132 |    48 |       |       |       ||   382
         Leather armour    |     2 |     4 |       |       |       |       |       |       |       ||     6
         Ring mail         |       |       |       |       |       |   153 |       |       |       ||   153
         Chain mail        |       |       |       |       |       |   474 |   392 |   757 |  1203 ||  2826
         Skin              |       |       |       |       |       |     1 |       |       |       ||     1
  Dodge: Dodged            |     2 |    15 |    28 |   169 |   187 |   495 |   214 |   425 |   597 ||  2132
  Block: Buckler           |       |       |       |       |       |       |   216 |   486 |    11 ||   713
         Reflection        |       |       |       |       |       |       |    16 |    15 |     6 ||    37
         Kite shield       |       |       |       |       |       |       |       |       |  1537 ||  1537
